 Dungeon Crawl Stone Soup version 0.30-a0-390-g80c34de65d (webtiles) character file.

Game seed: 11213602809544700799

502972 oldriver the Sorcerer (level 23, -5/204 HPs)
             Began as a Mummy Necromancer on Dec 3, 2022.
             Was the Champion of Vehumet.
             Killed from afar by a yellow draconian annihilator (39 damage)
             ... with a bolt of lightning
             ... on level 1 of the Realm of Zot on Dec 5, 2022.
             The game lasted 03:39:09 (106660 turns).

oldriver the Sorcerer (Mummy Necromancer)         Turns: 106660, Time: 03:39:34

Health: -5/204     AC: 29    Str: 25    XL:     23   Next: 79%
Magic:  7/62       EV: 19    Int: 31    God:    Vehumet [******]
Gold:   2409       SH: 17    Dex: 21    Spells: 21/74 levels left

rFire   + . .      SeeInvis +    a - +9 long sword of Disembowelment {protect, rF+ rN+ rCorr Str+4}
rCold   + + +      Faith    +    P - +4 kite shield {reflect}
rNeg    + + +      Spirit   .    L - +6 Cigotuvi's embrace {rMiasma Drain rN+}
rPois   ∞          Reflect  +    R - +2 helmet {SInv}
rElec   .          Harm     .    e - +2 cloak of the Thief {*Fog Slay-2 SInv Stlth+}
rCorr   +          Rampage  .    T - +1 pair of gloves of Uvvublum {MP+9 Str+3 Slay+2}
Will    +++..                    h - +1 pair of boots of the Wumpus {rC++}
Stlth   ++++......               o - amulet "Lozxaim" {Acrobat rF+ rCorr Int+3}
HPRegen 0.54/turn                K - ring of Ytwij {Fly AC+4 Int+4 Dex+6}
MPRegen 0.38/turn                U - ring of the Bull {Will+ Str+6 Dex+2}

@: about to teleport, corroded, under a protective aura, flying, studying 3
skills
A: cold resistance 1, negative energy resistance 3, torment resistance 2, heat
vulnerability 1, in touch with death 2, no potions, faith
}: 3/15 runes: barnacled, slimy, gossamer
a: Renounce Religion


You were on level 1 of the Realm of Zot.
You worshipped Vehumet.
Vehumet was exalted by your worship.
You visited 11 branches of the dungeon, and saw 48 of its levels.
You also visited: Sewer, Ossuary, Gauntlet, Ice Cave and Volcano.

You collected 8101 gold pieces.
You spent 5692 gold pieces at shops.

Inventory:

Hand Weapons
 a - the +9 long sword of Disembowelment (weapon) {protect, rF+ rN+ rCorr Str+4}
   (You found it on level 9 of the Dungeon)

   It grants its wielder temporary protection when it strikes (+7 to AC).
   Str:       It affects your strength (+4).
   rF:        It protects you from fire.
   rN:        It protects you from negative energy.
   rCorr:     It protects you from acid and corrosion.
Missiles
 O - 2 throwing nets
Armour
 e - the +2 cloak of the Thief (worn) {*Fog Slay-2 SInv Stlth+}
   (You found it on level 3 of the Vaults)

   It may release a thick cloud of smoke when the wearer is hurt.
   Slay:      It affects your accuracy & damage with ranged weapons and melee
   (-2).
   SInv:      It lets you see invisible.
   Stlth:     It makes you more stealthy.
 h - the +1 pair of boots of the Wumpus (worn) {rC++}
   (You bought it in a shop on level 2 of the Depths)

   rC:        It greatly protects you from cold.
 L - the +6 Cigotuvi's embrace (worn) {rMiasma Drain rN+}
   (You found it in a Gauntlet)

   It gathers nearby corpses to temporarily increase the armour it provides.
   It protects you from foul pestilence.
   rN:        It protects you from negative energy.
   Drain:     It drains your maximum health when unequipped.
 N - a +2 cloak of willpower
 P - a +4 kite shield of reflection (worn)
 R - a +2 helmet of see invisible (worn)
 T - the +1 pair of gloves of Uvvublum (worn) {MP+9 Str+3 Slay+2}
   (You found it on level 3 of the Elven Halls)

   Str:       It affects your strength (+3).
   Slay:      It affects your accuracy & damage with ranged weapons and melee
   (+2).
   MP:        It affects your magic capacity (+9).
Jewellery
 d - the ring of Zumemoga {Ice Fly rCorr Int-3}
   (You took it off Josephina on level 4 of the Depths)

   [ring of ice]

   It enhances your ice magic.
   Int:       It affects your intelligence (-3).
   rF:        It makes you vulnerable to fire.
   rC:        It protects you from cold.
   Fly:       It grants you flight.
   rCorr:     It protects you from acid and corrosion.
 f - the ring of the Mage {Wiz Archmagi}
   (You found it on level 5 of the Pits of Slime)

   [ring of wizardry]

   It improves your spell success rate.
   Archmagi:  It increases the power of your magical spells.
 l - the ring of the Tortoise {AC+8}
   (You took it off a deep elf archer on level 3 of the Elven Halls)

   [ring of protection]

   AC:        It affects your AC (+8).
 o - the amulet "Lozxaim" (around neck) {Acrobat rF+ rCorr Int+3}
   (You took it off a merfolk on level 4 of the Shoals)

   [amulet of the acrobat]

   It increases your evasion while moving and waiting.
   Int:       It affects your intelligence (+3).
   rF:        It protects you from fire.
   rCorr:     It protects you from acid and corrosion.
 G - the ring of Zemoi {Drain Will++ SInv Stlth+}
   (You took it off a deep elf sorcerer on level 3 of the Elven Halls)

   [ring of see invisible]

   SInv:      It lets you see invisible.
   Drain:     It drains your maximum health when unequipped.
   Will:      It greatly increases your willpower.
   Stlth:     It makes you more stealthy.
 I - the ring of Kushrumov {Fire rElec Will- rCorr Dex+2}
   (You found it in a Gauntlet)

   [ring of fire]

   It enhances your fire magic.
   Dex:       It affects your dexterity (+2).
   rF:        It protects you from fire.
   rC:        It makes you vulnerable to cold.
   rElec:     It insulates you from electricity.
   rCorr:     It protects you from acid and corrosion.
   Will:      It decreases your willpower.
 J - the amulet of Dales {Reflect +Inv Will- rCorr Int+6 SH+5}
   (You took it off a deep elf elementalist on level 3 of the Elven Halls)

   [amulet of reflection]

   It reflects blocked missile attacks.
   Int:       It affects your intelligence (+6).
   +Inv:      It lets you turn invisible.
   rCorr:     It protects you from acid and corrosion.
   SH:        It affects your SH (+5).
   Will:      It decreases your willpower.
 K - the ring of Ytwij (left hand) {Fly AC+4 Int+4 Dex+6}
   (You found it in a Gauntlet)

   [ring of protection]

   AC:        It affects your AC (+4).
   Int:       It affects your intelligence (+4).
   Dex:       It affects your dexterity (+6).
   Fly:       It grants you flight.
 Q - the ring of the Catfish {rPois rF+ rC+ Int+3 Stlth+}
   (You took it off a deep elf high priest on level 3 of the Elven Halls)

   [ring of protection from cold]

   Int:       It affects your intelligence (+3).
   rF:        It protects you from fire.
   rC:        It protects you from cold.
   rPois:     It protects you from poison.
   Stlth:     It makes you more stealthy.
 S - the ring "Vuna" {Drain rC+++ Will+ rCorr Str+6}
   (You took it off a deep elf death mage on level 3 of the Elven Halls)

   [ring of resist corrosion]

   Str:       It affects your strength (+6).
   rC:        It renders you almost immune to cold.
   rCorr:     It protects you from acid and corrosion.
   Drain:     It drains your maximum health when unequipped.
   Will:      It increases your willpower.
 U - the ring of the Bull (right hand) {Will+ Str+6 Dex+2}
   (You bought it in a shop on level 2 of the Vaults)

   [ring of strength]

   Str:       It affects your strength (+6).
   Dex:       It affects your dexterity (+2).
   Will:      It increases your willpower.
 V - the ring "Jungij" {Ice Contam Will+ rCorr Slay+2}
   (You found it on level 3 of the Elven Halls)

   [ring of ice]

   It enhances your ice magic.
   Slay:      It affects your accuracy & damage with ranged weapons and melee
   (+2).
   rF:        It makes you vulnerable to fire.
   rC:        It protects you from cold.
   Contam:    It causes magical contamination when unequipped.
   rCorr:     It protects you from acid and corrosion.
   Will:      It increases your willpower.
Wands
 p - a wand of mindburst (60)
 t - a wand of roots (43)
 u - a wand of quicksilver (19)
 v - a wand of charming (41)
 D - a wand of digging (19)
 M - a wand of polymorph (16)
Scrolls
 b - a scroll of silence
 c - 8 scrolls of vulnerability
 g - 6 scrolls of blinking
 i - 6 scrolls of poison
 m - 2 scrolls of summoning
 n - 12 scrolls of teleportation
 q - 8 scrolls of immolation
 r - 2 scrolls of torment
 w - 10 scrolls of butterflies
 F - 7 scrolls of fear
 H - 4 scrolls of amnesia
Miscellaneous
 j - a condenser vane
 A - a phantom mirror
 C - a lightning rod (4/4)
 E - a box of beasts


   Skills:
 + Level 22.4 Fighting
 + Level 10.2 Armour
 - Level 11.0 Dodging
 + Level 5.6 Stealth
 + Level 10.2 Shields
 + Level 26.2 Spellcasting
 + Level 10.2 Conjurations
 - Level 5.0 Necromancy
 - Level 16.0 Earth Magic
 - Level 5.0 Evocations


You had 21 spell levels left.
You knew the following spells:

 Your Spells              Type           Power      Damage    Failure   Level
a - Necrotise             Necr           100%       1d9       1%          1
b - Vampiric Draining     Necr           100%       2d13      1%          3
c - Animate Dead          Necr           100%       N/A       1%          4
d - Magic Dart            Conj           100%       1d8       0%          1
e - Stone Arrow           Conj/Erth      100%       3d13      0%          3
f - Iskenderun's Battles  Conj           81%        2d13      1%          5
g - Lehudib's Crystal Sp  Conj/Erth      44%        10d11     12%         8
i - Iron Shot             Conj/Erth      44%        9d9       1%          6
k - Blink                 Tloc           80%        N/A       2%          2
l - Lee's Rapid Deconstr  Erth           48%        3d23*     1%          5
r - Searing Ray           Conj           100%       2d8       1%          2
u - Dispel Undead         Necr           100%       3d31      1%          4
v - Borgnjor's Vile Clut  Necr/Erth      63%        N/A       1%          5
x - Iskenderun's Mystic   Conj/Tloc      64%        2d13      1%          4

Your spell library contained the following spells:

 Spells                   Type           Power      Damage    Failure   Level
 Shatter                  Erth           48%        3d37*     45%         9
 Chain Lightning          Conj/Air       32%        3d42      100%        9
 Polar Vortex             Ice            20%        N/A       100%        9
 Apportation              Tloc           80%        N/A       1%          1
 Slow                     Hex            100%       N/A       1%          1
 Summon Small Mammal      Summ           100%       N/A       1%          1
 Cigotuvi's Dreadful Rot  Necr/Pois/Air  100%       N/A       1%          2
 Momentum Strike          Conj/Tloc      100%       3d10      1%          2
 Passwall                 Tmut/Erth      61%        N/A       1%          2
 Scorch                   Fire           80%        2d9       1%          2
 Dazzling Flash           Conj/Hex       100%       N/A       1%          3
 Frozen Ramparts          Ice            80%        1d13      1%          3
 Ignite Poison            Fire/Tmut/Pois 40%        N/A       1%          3
 Kindle Blastsparks       Fire/Tloc/Air  80%        2d16      1%          3
 Animate Armour           Summ/Erth      100%       N/A       1%          4
 Flame Wave               Conj/Fire      64%        2d15      1%          4
 Fulminant Prism          Conj/Hex       32%        3d15      1%          4
 Leda's Liquefaction      Hex/Erth       37%        N/A       1%          4
 Petrify                  Tmut/Erth      74%        N/A       1%          4
 Sticky Flame             Conj/Fire      64%        2d8       1%          4
 Arcjolt                  Conj/Air       32%        1d42      1%          5
 Lightning Bolt           Conj/Air       32%        1d49      1%          5
 Ensorcelled Hibernation  Hex/Ice        80%        N/A       2%          2
 Call Canine Familiar     Summ           40%        N/A       4%          3
 Confusing Touch          Hex            40%        N/A       4%          3
 Lesser Beckoning         Tloc           80%        N/A       4%          3
 Portal Projectile        Hex/Tloc       80%        N/A       4%          3
 Summon Guardian Golem    Hex/Summ       40%        N/A       4%          3
 Swiftness                Air            40%        N/A       4%          3
 Tukima's Dance           Hex            40%        N/A       4%          3
 Vhi's Electric Charge    Tloc/Air       80%        N/A       4%          3
 Airstrike                Air            20%        2d(3-19)  4%          4
 Agony                    Necr           100%       N/A       5%          5
 Conjure Ball Lightning   Conj/Air       32%        3x3d10    8%          6
 Starburst                Conj/Fire      32%        6d10      8%          6
 Yara's Violent Unravell  Hex/Tmut       20%        3d9       11%         5
 Passage of Golubria      Tloc           40%        N/A       16%         4
 Summon Ice Beast         Ice/Summ       40%        N/A       16%         4
 Summon Lightning Spire   Summ/Air       40%        N/A       16%         4
 Death Channel            Necr           51%        N/A       30%         6
 Alistair's Intoxication  Tmut/Pois      26%        N/A       38%         5
 Metabolic Englaciation   Hex/Ice        20%        N/A       38%         5
 Silence                  Hex/Air        20%        N/A       38%         5
 Summon Forest            Summ/Tloc      20%        N/A       38%         5
 Eringya's Noxious Bog    Tmut/Pois      20%        N/A       50%         6
 Simulacrum               Ice/Necr       45%        N/A       63%         6
 Summon Cactus Giant      Summ           20%        N/A       93%         6
 Enfeeble                 Hex            20%        N/A       100%        7
 Summon Hydra             Summ           20%        N/A       100%        7
 Discord                  Hex            20%        N/A       100%        8
 Disjunction              Tloc           20%        N/A       100%        8
 Ignition                 Fire           20%        3d7       100%        8
 Maxwell's Capacitive Co  Air            20%        ∞         100%        8
 Fire Storm               Conj/Fire      32%        8d8       100%        9
 Statue Form              Tmut/Erth      Unusable   N/A       N/A         6
 Ice Form                 Ice/Tmut       Unusable   N/A       N/A         4

Dungeon Overview and Level Annotations

Branches:
Dungeon (15/15)            Temple (1/1) D:6            Lair (5/5) D:10
 Shoals (4/4) Lair:3       Spider (4/4) Lair:2        Slime (5/5) Lair:4
    Orc (2/2) D:10            Elf (3/3) Orc:2        Vaults (4/5) D:14
  Crypt (0/3) Vaults:2     Depths (4/4) D:15            Zot (1/5) Depths:4
  Sewer (visited)         Ossuary (visited)           IceCv (visited)
Volcano (visited)         Gauntlet (visited)

Altars:
Ashenzari
Cheibriados
Dithmenos
Fedhas
Gozag
Hepliaklqana
Kikubaaqudgha
Makhleb
Nemelex Xobeh
Okawaru
Qazlal
Ru
Sif Muna
Trog
Uskayaw
Vehumet
Wu Jian
Xom
Yredelemnul
Jiyva

Shops:
D:1 ?   D:5 :   Orc:2 *((*   Elf:2 [   Vaults:1 [   Vaults:2 =   Vaults:3 ?
Vaults:4 =   Depths:2 *

Portals:
Hell: Depths:1 Depths:2 Depths:3 Depths:4
Abyss: Depths:2 Depths:3
Pandemonium: Depths:2
Ziggurat: Depths:2

Annotations:
D:5 2 transporters
D:7 2 transporters, scionoferis's ghost, novice TrEE
D:14 Roxanne
D:15 1 transporter
Shoals:3 1 runed translucent door, Busoho's ghost, adept MiFi
Spider:3 2 transporters, exclusion: oklob plant, Musia's ghost, adept DjCj
Elf:2 6 runed translucent doors, rrossfarrar's ghost, adept FeBe
Vaults:4 Jory; Mennas
Depths:3 2 transporters, Haregg's ghost, adept DsBe


Innate Abilities, Weirdness & Mutations

You are immune to poison.
Your flesh is cold resistant. (rC+)
You are immune to negative energy. (rN+++)
You are immune to unholy pain and torment.
You are vulnerable to heat. (rF-)
You are strongly in touch with the powers of death.
You do not drink.
You have a special connection with the divine. (Faith)


Message History

You feel strangely unstable.
You feel the Orb delaying your translocation!
The yellow draconian annihilator gestures wildly while chanting.
The yellow draconian annihilator blinks!
Unknown command.
You block the moth of wrath's attack.
The air fills with toxic fumes!
As you read the scroll of poison, it crumbles to dust.
You block the yellow draconian's attack.
The moth of wrath closely misses you.
Unknown command.
You slice the moth of wrath!!
Your weapon exudes an aura of protection.
The moth of wrath is moderately wounded.
The yellow draconian annihilator is engulfed in poison gas.
The yellow draconian annihilator is poisoned.
The yellow draconian spits acid at you. The glob of acid misses you.
The moth of wrath closely misses you.
The yellow draconian annihilator is engulfed in poison gas.
The yellow draconian annihilator looks even sicker.
The yellow draconian annihilator spits acid at you.
The glob of acid hits you! You resist.
* * * LOW HITPOINT WARNING * * *
You block the yellow draconian's attack.
The moth of wrath barely misses you.
Casting: Iskenderun's Mystic Blast (mildly dangerous; 1% risk of failure)
Confirm with . or Enter, or press ? or * to list all spells.
Aiming: Vampiric Draining (safe; 1% risk of failure)
Press: ? - help, Shift-Dir - straight line, f - moth of wrath
Aim: a moth of wrath (moderately wounded)
You feel a strong surge of power!
You draw life force from the moth of wrath!
You feel life coursing into your body.
The yellow draconian annihilator is engulfed in poison gas.
The yellow draconian annihilator looks even sicker.
The yellow draconian annihilator points at you and mumbles some strange words.
The bolt of lightning hits you!!
* * * LOW HITPOINT WARNING * * *
The bolt of lightning hits you!!!
You die...

#.# #.# #......... #[#
#.# .§§§§§§§§§. #.###
#.##.#§§§§§§§§. #...##
#d##.#§§§§§§§§. #.#..#
#q##.#§§§§§§§§. #.##.##
#§##.#§§§§§§§§. ####..###
#d##.#§d§q§.§§.
##..8)..###q##.#§§§§§§§§.
#.....#.).)Dd..#@y§§§§§§.
....#######....##########
..## ###.## .. #.# . #.#
8 #.# #.# #.# #.#


You could see a yellow draconian (catching breath), a yellow draconian
annihilator (very poisoned, catching breath) and a moth of wrath.

Vanquished Creatures
  the Royal Jelly (Slime:5)
  Sojobo (Depths:3)
  Josephina (Depths:4)
  A curse toe (Zot:1)
  Nikola (Spider:4)
  4 golden dragons
  Arachne (Spider:3)
  An electric golem (Zot:1)
  A tentacled monstrosity (Zot:1)
  Jorgrun (D:12)
  Rupert (D:12)
  Mlioglotl (Spider:2)
  A deep elf blademaster (Elf:2)
  2 liches (Depths:3)
  A quicksilver dragon (Zot:1)
  16 acid blobs
  Polyphemus (Shoals:4)
  2 deep elf master archers (Elf:3)
  A death cob (Zot:1)
  Frances (Spider:1)
  Donald (Shoals:4)
  2 tengu reavers (Depths:3)
  Kirke (D:14)
  2 storm dragons
  4 shadow dragons
  6 fire giants
  11 rockslimes
  6 nagarajas (Depths:2)
  3 draconian knights
  12 azure jellies
  15 frost giants
  2 draconian scorchers (Zot:1)
  4 emperor scorpions
  8 deep elf sorcerers (Elf:3)
  10 vault wardens
  3 ghost moths
  Aizul (Elf:3)
  11 quicksilver oozes
  2 broodmothers
  A draconian annihilator (Zot:1)
  7 stone giants
  12 very ugly things
  3 deep elf elementalists (Elf:3)
  8 ironbound preservers
  6 ironbound thunderhulks
  2 green draconians (Zot:1)
  7 deep elf demonologists
  12 deep elf annihilators (Elf:3)
  3 vampire knights
  A white draconian (Zot:1)
  A minotaur (shapeshifter) (D:14)
  4 purple draconians
  4 yellow draconians
  8 spark wasps
  A minotaur (Gauntlet)
  3 black draconians
  7 ettins
  5 merfolk javelineers (Shoals:4)
  Snorg (D:11)
  10 deep elf death magi
  7 merfolk impalers
  8 deep elf high priests
  10 fire dragons
  3 entropy weavers (Spider:2)
  9 vault guards
  9 great orbs of eyes
  A peacekeeper (Vaults:3)
  2 rakshasas
  9 yaktaur captains
  4 anacondas (Depths:2)
  7 ironbound frosthearts
  2 merfolk avatars
  5 hydras
  3 spriggan air magi
  7 ice dragons
  3 jorogumos
  An ogre mage (D:15)
  10 centaur warriors
  3 alligator snapping turtles
  5 radroaches
  4 boulder beetles
  4 death yaks
  7 two-headed ogres
  6 satyrs
  7 naga warriors
  11 merfolk aquamancers
  14 dancing weapons
  3 catoblepae
  3 alligators (Shoals:1)
  9 death scarabs (Spider:4)
  10 deep troll shamans
  Urug (Orc:2)
  8 tengu warriors
  7 deep troll earth magi
  4 orc high priests
  A vampire mage (Depths:3)
  A soul eater (Depths:4)
  5 hell knights (Depths:4)
  9 iron trolls
  A spriggan berserker (Depths:4)
  12 deep elf knights
  A skeletal warrior (D:14)
  3 sun moths
  17 sea snakes
  8 pharaoh ants
  41 deep trolls
  A goliath frog (Shoals:1)
  16 orb spiders
  3 glowing orange brains
  8 steelbarb worms
  5 flayed ghosts
  13 deep elf archers
  A tengu zombie (Vaults:1)
  11 wizards
  2 phantasmal warriors (Depths:3)
  7 harpies
  18 ironbound convokers
  6 orc knights
  30 deep elf zephyrmancers
  4 lindwurms
  28 wolf spiders
  4 necromancers
  4 shining eyes
  24 ugly things
  31 deep elf pyromancers
  A frost giant zombie (Depths:2)
  5 cyclopes
  10 manticores
  A moth of wrath (shapeshifter) (D:15)
  A salamander (Depths:1)
  19 fauns
  8 moths of wrath
  9 orc sorcerers
  10 elephants
  5 black mambas
  A water nymph (shapeshifter) (Elf:1)
  2 merfolk sirens
  7 naga magi (Depths:2)
  An ice statue (IceCv)
  6 eyes of devastation
  3 guardian serpents (Depths:2)
  20 vault sentinels
  10 water nymphs
  A molten gargoyle (Depths:1)
  6 torpor snails
  4 gargoyles
  3 titan simulacra (Depths:4)
  19 cane toads
  6 rime drakes
  A kobold demonologist (Depths:3)
  4 spectral redbacks (Spider:4)
  16 demonic crawlers
  3 unseen horrors
  4 efreet
  3 komodo dragons
  30 yaktaurs
  Psyche (D:8)
  4 tengu conjurers
  4 freezing wraiths
  A redback zombie (Spider:4)
  A shadow dragon simulacrum (Depths:4)
  12 trolls
  15 polar bears
  Prince Ribbit (D:8)
  6 spectral jumping spiders (Spider:4)
  The ghost of NinjaNoafa the Magician, an amateur DjCj (D:5)
  3 spectral tarantellas (Spider:4)
  A tarantella (shapeshifter) (D:15)
  5 snapping turtles
  25 tarantellas
  A tarantella zombie (Spider:4)
  26 merfolk
  12 dream sheep
  100 slime creatures
  2 jumping spider zombies (Spider:4)
  30 blink frogs
  10 wind drakes
  5 hornets
  An iron dragon simulacrum (Depths:4)
  3 flying skulls (Gauntlet)
  A frost giant simulacrum (Vaults:1)
  46 jumping spiders
  A jumping spider (shapeshifter) (D:15)
  11 spriggans
  3 wraiths
  An ettin skeleton (Vaults:1)
  29 water elementals
  2 shadows
  A vampire (D:13)
  20 culicivoras
  4 wyverns
  5 air elementals
  50 yaks
  A slime creature zombie (Slime:3)
  A wyvern (shapeshifter) (Elf:1)
  4 fire elementals
  A hog (D:14)
  2 chaos spawn (Gauntlet)
  A human (shapeshifter) (D:12)
  42 redbacks
  2 steam dragons
  2 basilisks
  A human simulacrum (Vaults:1)
  3 wargs
  9 vampire mosquitoes
  3 nagas (Depths:2)
  A neqoxec (Gauntlet)
  12 water moccasins
  A warg (shapeshifter) (D:14)
  2 acid dragons
  A floating eye (Depths:2)
  23 orc warriors
  2 ice beasts
  6 black bears
  2 sky beasts (D:6)
  14 boggarts
  11 ogres
  48 wolves
  7 centaurs
  An elf zombie (Ossuary)
  7 kobold brigands
  5 gnoll sergeants
  15 bullfrogs
  A glowing shapeshifter simulacrum (Vaults:1)
  5 earth elementals
  A scorpion (D:5)
  24 wights
  8 killer bees
  3 electric eels (D:13)
  3 howler monkeys
  2 centaur zombies (Ossuary)
  2 human zombies (Ossuary)
  15 orc priests
  A gnoll bouda (Orc:2)
  2 hounds
  3 jellies
  Ijyb (D:3)
  3 iguanas
  19 orc wizards
  3 mummies
  11 gnolls
  11 adders
  2 shadow imps
  3 white imps
  An ufetubus (D:5)
  An adder zombie (Ossuary)
  A worm (D:2)
  2 dart slugs
  69 orcs
  9 endoplasms
  15 giant cockroaches
  11 goblins
  4 hobgoblins
  5 jackals
  10 quokkas
  19 ball pythons
  3 frilled lizards (Sewer)
  A goblin zombie (Ossuary)
  11 hobgoblin zombies
  A jackal zombie (Ossuary)
  15 kobolds
  9 kobold zombies
  12 orc zombies
  15 rats
  2 rat zombies (Ossuary)
2003 creatures vanquished.

Vanquished Creatures (collateral kills)
  An acid blob (Slime:4)
  A vault warden (Vaults:3)
  An ironbound thunderhulk (Vaults:4)
  A fire dragon (Depths:1)
  An ironbound frostheart (Vaults:1)
  A rakshasa (Depths:2)
  2 centaur warriors (Vaults:1)
  A deep troll shaman (Depths:4)
  2 death yaks (IceCv)
  A tengu warrior (D:15)
  A spriggan (Lair:5)
  An iron troll (Depths:4)
  3 deep trolls
  An ironbound convoker (Vaults:4)
  A lindwurm (Vaults:1)
  A harpy (Vaults:1)
  An orc sorcerer (Orc:1)
  A shining eye (Slime:4)
  6 elephants (Lair:2)
  A cane toad (Lair:5)
  An unseen horror (D:11)
  A komodo dragon (Lair:1)
  3 yaktaurs
  A rime drake (D:11)
  A harpy zombie (Vaults:1)
  A hornet (Lair:5)
  A troll (D:11)
  3 polar bears
  3 blink frogs
  7 slime creatures
  2 dream sheep (Lair:5)
  2 wyverns
  13 yaks
  A water moccasin (Lair:2)
  A black bear (Lair:5)
  An ogre (D:10)
  6 wolves
  A bullfrog (Lair:1)
  A salamander zombie (Depths:1)
  A gnoll sergeant (D:9)
  A kobold brigand (D:10)
  2 killer bees (D:10)
  An electric eel (Lair:3)
  2 orc priests
  2 orc wizards
  7 gnolls
  A dart slug (D:2)
  2 orcs
  2 endoplasms
  A giant cockroach (D:1)
  2 quokkas (Sewer)
  2 ball pythons
  A frilled lizard (Sewer)
106 creatures vanquished.

Vanquished Creatures (others)
  A draconian knight (Zot:1)
  A ghost moth (Spider:4)
  An acid blob zombie (Slime:4)
  A naga warrior (Depths:2)
  A quicksilver ooze zombie (Slime:3)
  A deep elf knight (Elf:2)
  A stone giant zombie (Depths:4)
  A frost giant zombie (Depths:2)
  2 death yak zombies (IceCv)
  6 yaktaur zombies
  2 harpy zombies (Vaults:1)
  A tarantella (Spider:4)
  2 fire dragon zombies
  10 slime creature zombies
  2 humans (D:14)
  A cane toad zombie (Lair:1)
  A deep troll zombie (Vaults:2)
  10 human zombies
  4 dream sheep zombies (Lair:5)
  A hornet zombie (Lair:5)
  2 elephant zombies (Lair:2)
  A wolf (Lair:5)
  A water moccasin zombie (Lair:2)
  A spriggan zombie (Lair:5)
  3 polar bear zombies (IceCv)
  24 yak zombies
  A troll zombie (D:10)
  2 wolf zombies (Lair:5)
  2 bullfrog zombies
  2 black bear zombies (Lair:5)
  An orc wizard (Orc:1)
  3 killer bee zombies (D:10)
  2 kobold zombies (D:10)
  4 ogre zombies
  8 gnoll zombies
  30 orc zombies
  2 bushes
  115 fungi
  151 plants
  4 toadstools (D:1)
409 creatures vanquished.

Grand Total: 2518 creatures vanquished

Notes
Turn   | Place    | Note
-------+----------+-------------------------------------------
     0 | D:1      | oldriver the Mummy Necromancer began the quest for the Orb.
     0 | D:1      | Reached XP level 1. HP: 13/13 MP: 4/4
   115 | D:1      | Reached skill level 3 in Spellcasting
   187 | D:1      | Reached skill level 1 in Fighting
   211 | D:1      | Found Haohasch's Magic Scroll Shoppe.
   227 | D:1      | Reached XP level 2. HP: 21/21 MP: 4/6
  1183 | D:1      | Gained mutation: You are in touch with the powers of death.
                  | [Mummy growth]
  1183 | D:1      | Reached XP level 3. HP: 27/27 MP: 4/8
  1722 | D:2      | Reached skill level 4 in Spellcasting
  1875 | D:2      | Found a faded altar of an unknown god.
  1975 | D:2      | Reached XP level 4. HP: 32/34 MP: 7/10
  2505 | D:3      | Found a glowing drain.
  2562 | Sewer    | Entered a sewer
  2843 | Sewer    | Reached XP level 5. HP: 41/41 MP: 8/12
  2930 | Sewer    | Reached skill level 5 in Spellcasting
  3305 | Sewer    | Reached XP level 6. HP: 45/48 MP: 6/14
  3509 | D:3      | Learned a level 3 spell: Vampiric Draining
  3514 | D:3      | Learned a level 4 spell: Animate Dead
  3677 | D:3      | Reached skill level 6 in Spellcasting
  3793 | D:3      | Noticed Ijyb
  3804 | D:3      | Killed Ijyb
  5575 | D:5      | Entered Level 5 of the Dungeon
  5583 | D:5      | Found a transporter.
  5638 | D:5      | Found a bloodstained altar of Trog.
  5662 | D:5      | Found a runed translucent door.
  5664 | D:5      | Noticed NinjaNoafa's ghost (amateur DjCj)
  5718 | D:5      | Reached XP level 7. HP: 21/55 MP: 16/16
  5982 | D:5      | Found an iron altar of Okawaru.
  6268 | D:5      | Reached skill level 1 in Armour
  6304 | D:5      | Found a radiant altar of Vehumet.
  6330 | D:5      | Reached skill level 1 in Shields
  6513 | D:5      | Found Wutamubb's Book Emporium.
  7293 | D:6      | Reached skill level 5 in Fighting
  7564 | D:6      | Reached XP level 8. HP: 49/62 MP: 7/18
  7728 | D:6      | Reached skill level 7 in Spellcasting
  8014 | D:6      | Reached skill level 5 in Necromancy
  8245 | D:6      | Found a staircase to the Ecumenical Temple.
  8343 | Temple   | Entered the Ecumenical Temple
  9217 | D:5      | Found a transporter.
  9342 | D:5      | Reached skill level 8 in Spellcasting
  9342 | D:5      | Reached XP level 9. HP: 41/69 MP: 19/21
  9688 | D:7      | Found a transporter.
  9732 | D:7      | Found a transporter.
 10029 | D:7      | Learned a level 2 spell: Searing Ray
 10031 | D:7      | Learned a level 1 spell: Magic Dart
 10275 | D:7      | Noticed scionoferis's ghost (novice TrEE)
 10449 | D:7      | Reached skill level 1 in Conjurations
 10618 | D:8      | Reached skill level 9 in Spellcasting
 10634 | D:8      | Found a sand-covered staircase.
 10709 | Ossuary  | Entered an ossuary
 11702 | D:8      | Noticed a two-headed ogre
 11712 | D:8      | Killed a two-headed ogre
 11853 | D:8      | Found a burning altar of Makhleb.
 11985 | D:8      | Reached skill level 10 in Spellcasting
 12013 | D:8      | Reached XP level 10. HP: 60/80 MP: 0/24
 12302 | D:8      | Noticed Prince Ribbit
 12314 | D:8      | Killed Prince Ribbit
 12852 | D:8      | Noticed Psyche
 12873 | D:8      | Killed Psyche
 13385 | D:9      | Identified the +9 long sword of Disembowelment {protect,
                  | rF+ rN+ rCorr Str+4}
 13863 | D:9      | Found a blossoming altar of Fedhas.
 14206 | D:9      | Reached skill level 11 in Spellcasting
 14540 | D:9      | Reached skill level 5 in Conjurations
 14932 | D:10     | Entered Level 10 of the Dungeon
 14932 | D:10     | Found a broken altar of Ashenzari.
 15181 | D:5      | Bought a book of Armaments for 468 gold pieces
 15188 | D:5      | Learned a level 3 spell: Stone Arrow
 15240 | D:5      | Became a worshipper of Vehumet
 15490 | D:10     | Found a hide-covered altar of Uskayaw.
 15597 | D:10     | Reached skill level 1 in Earth Magic
 15716 | D:10     | Found a hazy altar of Hepliaklqana.
 15922 | D:10     | Identified the +3 glaive "Meps" {freeze, Will+ Int+3 SInv}
 15931 | D:10     | Noticed a two-headed ogre
 15933 | D:10     | Reached XP level 11. HP: 81/90 MP: 24/26
 16377 | D:10     | Killed a two-headed ogre
 16378 | D:10     | Reached skill level 12 in Spellcasting
 16427 | D:10     | Found a staircase to the Lair.
 16563 | D:10     | Found a staircase to the Orcish Mines.
 16578 | D:10     | Reached * piety under Vehumet
 16578 | D:10     | Offered knowledge of Foxfire by Vehumet.
 16597 | D:10     | Reached skill level 10 in Fighting
 17238 | D:10     | Learned a level 5 spell: Borgnjor's Vile Clutch
 17250 | Lair:1   | Entered Level 1 of the Lair of Beasts
 17398 | Lair:1   | Offered knowledge of Kiss of Death by Vehumet.
 17407 | Lair:1   | Reached skill level 5 in Earth Magic
 17410 | Lair:1   | Reached ** piety under Vehumet
 17426 | Lair:1   | Found a shadowy altar of Dithmenos.
 17499 | Lair:1   | Reached skill level 13 in Spellcasting
 17693 | Lair:1   | Found a dark tunnel.
 17698 | Volcano  | Entered a volcano
 17715 | Volcano  | Noticed a centaur warrior
 17718 | Volcano  | Found a radiant altar of Vehumet.
 17719 | Volcano  | Noticed a red draconian
 17728 | Volcano  | Killed a centaur warrior
 18251 | Lair:1   | Reached XP level 12. HP: 56/100 MP: 9/29
 18629 | Lair:2   | Noticed a catoblepas
 18638 | Lair:2   | Killed a catoblepas
 19452 | Lair:2   | Found a hole to the Spider Nest.
 19462 | Lair:2   | Offered knowledge of Mephitic Cloud by Vehumet.
 19463 | Lair:2   | Reached skill level 14 in Spellcasting
 20260 | Lair:2   | Reached *** piety under Vehumet
 20831 | Lair:3   | Offered knowledge of Kindle Blastsparks by Vehumet.
 20914 | Lair:3   | Reached skill level 15 in Spellcasting
 21435 | Lair:3   | Identified the +1 robe "Voecrao" {-Cast rN+++ Regen+ Int-2}
 21684 | Lair:3   | Found a staircase to the Shoals.
 21695 | Lair:3   | Gained mutation: You are strongly in touch with the powers
                  | of death. [Mummy growth]
 21695 | Lair:3   | Reached XP level 13. HP: 94/109 MP: 6/32
 21823 | Lair:3   | Reached **** piety under Vehumet
 22393 | Lair:4   | Offered knowledge of Lightning Bolt by Vehumet.
 23021 | Lair:4   | Found a viscous altar of Jiyva.
 23021 | Lair:4   | Found a staircase to the Slime Pits.
 23242 | Lair:5   | Entered Level 5 of the Lair of Beasts
 24179 | Lair:5   | Reached ***** piety under Vehumet
 24184 | Lair:5   | Offered knowledge of Iron Shot by Vehumet.
 24243 | Lair:4   | Learned a level 6 spell: Iron Shot
 24249 | Lair:4   | Learned a level 5 spell: Lee's Rapid Deconstruction
 24315 | Lair:5   | Reached skill level 16 in Spellcasting
 25641 | Lair:5   | HP: 4/112 [wolf (3)]
 26255 | Lair:5   | Offered knowledge of Ozocubu's Refrigeration by Vehumet.
 26416 | Lair:5   | Reached XP level 14. HP: 120/120 MP: 16/34
 27563 | D:11     | Reached skill level 17 in Spellcasting
 27684 | D:11     | Noticed Snorg
 27697 | D:11     | Killed Snorg
 27702 | D:11     | Found a frozen archway.
 27718 | IceCv    | Entered an ice cave
 28774 | IceCv    | Offered knowledge of Iskenderun's Battlesphere by Vehumet.
 28787 | IceCv    | Learned a level 5 spell: Iskenderun's Battlesphere
 29100 | IceCv    | Reached skill level 10 in Earth Magic
 30180 | D:12     | You fall into a shaft and drop 2 floors!
 30234 | D:14     | Reached skill level 5 in Armour
 30288 | D:14     | Reached skill level 5 in Shields
 30479 | D:14     | Noticed Kirke
 30491 | D:14     | Killed Kirke
 30863 | D:14     | Found a gate to the Vaults.
 30883 | D:13     | Reached XP level 15. HP: 17/127 MP: 12/36
 31046 | D:13     | Found a gate leading to a gauntlet.
 31056 | Gauntlet | Entered a Gauntlet
 31056 | Gauntlet | Found a transporter.
 31056 | Gauntlet | Found a transporter.
 31075 | Gauntlet | Found a transporter.
 31078 | Gauntlet | Found a transporter.
 31086 | Gauntlet | Found a transporter.
 31090 | Gauntlet | Found a transporter.
 31098 | Gauntlet | Found the +4 Cigotuvi's embrace {rMiasma Drain rN+}
 31101 | Gauntlet | Found a transporter.
 31115 | Gauntlet | Found a transporter.
 31129 | Gauntlet | Found a transporter.
 31133 | Gauntlet | Found a transporter.
 31144 | Gauntlet | Found a transporter.
 31145 | Gauntlet | Found a transporter.
 31224 | Gauntlet | Identified the ring of Kushrumov {Fire rElec Will- rCorr
                  | Dex+2}
 31505 | Gauntlet | Identified the ring of Ytwij {Fly AC+4 Int+4 Dex+6}
 31729 | D:13     | Reached skill level 15 in Fighting
 32450 | D:12     | Noticed Rupert
 32460 | D:12     | Paralysed by Rupert for 5 turns
 32462 | D:12     | Killed Rupert
 32462 | D:12     | Reached ****** piety under Vehumet
 32604 | D:12     | Reached skill level 18 in Spellcasting
 32691 | D:12     | Offered knowledge of Conjure Ball Lightning by Vehumet.
 33026 | D:12     | Noticed Jorgrun
 33089 | D:12     | Killed Jorgrun
 33949 | Orc:1    | Entered Level 1 of the Orcish Mines
 33949 | Orc:1    | Found a burning altar of Makhleb.
 34792 | Orc:2    | Entered Level 2 of the Orcish Mines
 34953 | Orc:2    | Found Wcig's Whimsical Warehouse.
 35311 | Orc:2    | Found a staircase to the Elven Halls.
 35480 | Orc:2    | Noticed Urug
 35493 | Orc:2    | Killed Urug
 36528 | Orc:2    | Offered knowledge of Starburst by Vehumet.
 36738 | Orc:2    | Found Oblyr's Magic Scroll Shop.
 36738 | Orc:2    | Found Osup's General Store.
 36740 | Orc:2    | Found Ocariul's Weapon Shoppe.
 36740 | Orc:2    | Found Zeblunn's Weapon Shop.
 36746 | Orc:2    | Bought a scroll of teleportation for 39 gold pieces
 36746 | Orc:2    | Bought a scroll of blinking for 97 gold pieces
 36746 | Orc:2    | Bought a scroll of teleportation for 39 gold pieces
 37139 | D:14     | Identified the +1 chain mail of the Hanged Man {Dex+2}
 37160 | D:14     | Noticed Roxanne
 38676 | D:14     | Found a blossoming altar of Fedhas.
 38894 | D:14     | Reached skill level 19 in Spellcasting
 38894 | D:14     | Reached XP level 16. HP: 138/138 MP: 27/39
 39609 | Spider:1 | Entered Level 1 of the Spider Nest
 39609 | Spider:1 | Noticed Frances
 39616 | Spider:1 | Killed Frances
 40928 | Spider:1 | Offered knowledge of Fireball by Vehumet.
 42412 | Spider:2 | Offered knowledge of Spellforged Servitor by Vehumet.
 42731 | Spider:2 | Noticed Mlioglotl
 42736 | Spider:2 | Killed Mlioglotl
 43390 | Spider:2 | Reached skill level 20 in Spellcasting
 44146 | Spider:2 | Identified the +12 dagger of Noin Woi {spect, Int+4}
 46333 | Shoals:1 | Entered Level 1 of the Shoals
 46528 | Shoals:1 | Offered knowledge of Shatter by Vehumet.
 46528 | Shoals:1 | Offered knowledge of Chain Lightning by Vehumet.
 46528 | Shoals:1 | Offered knowledge of Polar Vortex by Vehumet.
 47411 | Shoals:1 | Reached XP level 17. HP: 132/147 MP: 21/41
 48577 | Shoals:2 | You are sucked into a shaft and drop 1 floor!
 49189 | Shoals:2 | Found a stormy altar of Qazlal.
 50809 | Shoals:3 | Found a runed translucent door.
 51507 | Shoals:3 | Noticed Busoho's ghost (adept MiFi)
 51637 | Shoals:4 | Entered Level 4 of the Shoals
 52461 | Shoals:4 | Reached skill level 21 in Spellcasting
 52471 | Shoals:4 | Reached skill level 5 in Stealth
 53271 | Shoals:4 | Found a blossoming altar of Fedhas.
 53335 | Shoals:4 | Noticed Polyphemus
 53489 | Shoals:4 | Found a stormy altar of Qazlal.
 53547 | Shoals:4 | Learned a level 4 spell: Iskenderun's Mystic Blast
 54151 | Shoals:4 | Noticed Donald
 54166 | Shoals:4 | Killed Donald
 54338 | Shoals:4 | Identified the amulet "Lozxaim" {Acrobat rF+ rCorr Int+3}
 54880 | Shoals:4 | Reached XP level 18. HP: 157/157 MP: 24/43
 55128 | Shoals:4 | Got a barnacled rune of Zot
 55336 | Shoals:4 | Killed Polyphemus
 56119 | D:1      | Bought a scroll of identify for 26 gold pieces
 56119 | D:1      | Bought a scroll of identify for 26 gold pieces
 56119 | D:1      | Bought a scroll of enchant armour for 97 gold pieces
 56119 | D:1      | Bought a scroll of butterflies for 52 gold pieces
 56213 | D:5      | Killed NinjaNoafa's ghost
 58014 | Spider:3 | Found a transporter.
 58032 | Spider:3 | Noticed Musia's ghost (adept DjCj)
 58039 | Spider:3 | Found a transporter.
 58100 | Spider:4 | Entered Level 4 of the Spider Nest
 58481 | Spider:4 | Noticed Arachne
 58498 | Spider:3 | Killed Arachne
 59493 | Spider:4 | Noticed Nikola
 60015 | Spider:4 | Killed Nikola
 60479 | Spider:4 | Upgraded the game from 0.30-a0-389-g8d7d949f56 to
                  | 0.30-a0-390-g80c34de65d
 61019 | Spider:4 | Reached skill level 22 in Spellcasting
 62606 | Spider:4 | Got a gossamer rune of Zot
 62887 | Vaults:1 | Entered Level 1 of the Vaults
 62955 | D:15     | Entered Level 15 of the Dungeon
 63314 | D:15     | Reached XP level 19. HP: 165/165 MP: 34/45
 63538 | D:15     | Found a transporter.
 63762 | D:15     | Found a staircase to the Depths.
 64243 | Depths:1 | Entered Level 1 of the Depths
 65225 | Slime:1  | Entered Level 1 of the Pits of Slime
 69101 | Vaults:1 | Found Danut's Antique Armour Shop.
 69162 | Vaults:1 | Bought a runed cloak for 217 gold pieces
 69162 | Vaults:1 | Bought a pair of glowing boots for 217 gold pieces
 70120 | Vaults:1 | Reached skill level 15 in Earth Magic
 70926 | Vaults:1 | Reached skill level 23 in Spellcasting
 72308 | Vaults:1 | Reached skill level 5 in Dodging
 72406 | Vaults:1 | Learned a level 2 spell: Blink
 72896 | Vaults:2 | Reached XP level 20. HP: 168/176 MP: 39/47
 73639 | Vaults:2 | Found a staircase to the Crypt.
 73639 | Vaults:2 | Found an ancient bone altar of Kikubaaqudgha.
 73639 | Vaults:2 | Found a basalt altar of Yredelemnul.
 74188 | Vaults:2 | Found Vooneoc's Jewellery Shop.
 74200 | Vaults:2 | Bought the ring of the Bull {Will+ Str+6 Dex+2} for 844
                  | gold pieces
 74335 | Vaults:3 | Found Ytou's Magic Scroll Shop.
 74335 | Vaults:3 | Found the +2 cloak of the Thief {*Fog Slay-2 SInv Stlth+}
 74720 | Vaults:3 | Bought a scroll of fear for 44 gold pieces
 74720 | Vaults:3 | Bought a scroll of enchant armour for 82 gold pieces
 74720 | Vaults:3 | Bought a scroll of fear for 44 gold pieces
 76606 | Vaults:3 | Reached skill level 1 in Evocations
 76642 | Vaults:3 | Identified the +8 scimitar "Eggianu" {venom, rF+}
 77852 | Vaults:4 | Found Fugruw's Jewellery Shoppe.
 77857 | Vaults:4 | Noticed Jory
 77883 | Vaults:3 | Learned a level 4 spell: Dispel Undead
 78346 | Vaults:4 | Noticed Mennas
 78997 | Slime:3  | You are sucked into a shaft and drop 1 floor!
 80240 | Slime:5  | Entered Level 5 of the Pits of Slime
 81454 | Slime:5  | Noticed the Royal Jelly
 81510 | Slime:5  | Reached XP level 21. HP: 184/184 MP: 39/48
 81928 | Slime:5  | Found a viscous altar of Jiyva.
 82450 | Slime:5  | Killed the Royal Jelly
 82937 | Slime:5  | Found the ring of the Mage {Wiz Archmagi}
 82943 | Slime:5  | Identified the +1 ring mail of the Valley {-Tele Int+5}
 83013 | Slime:5  | Identified the +1 scale mail of Dihikough {*Corrode rElec
                  | Regen+ Int+8}
 83015 | Slime:5  | Got a slimy rune of Zot
 83091 | Slime:5  | Identified the +1 pair of gloves of Ennui {Str+3 Dex+6}
 83098 | Slime:5  | Identified the ring of Wuloj {rPois rC+ Str-4 Dex+6 Slay+3}
 83829 | Depths:1 | Reached skill level 24 in Spellcasting
 84348 | Depths:1 | Found a gateway to Hell.
 84885 | Depths:2 | Found a one-way gateway to a ziggurat.
 84885 | Depths:2 | Paralysed by a floating eye for 3 turns
 84890 | Depths:2 | Paralysed by a floating eye for 2 turns
 85555 | Depths:2 | Reached skill level 10 in Armour
 85779 | Depths:2 | Found a one-way gate to the infinite horrors of the Abyss.
 85946 | Depths:2 | Found a one-way gate leading to the halls of Pandemonium.
 86505 | Depths:2 | Learned a level 8 spell: Lehudib's Crystal Spear
 87133 | Depths:2 | Found an opulent altar of Gozag.
 87133 | Depths:2 | Found Gozag's Platinum Reserve.
 88123 | Depths:3 | Reached skill level 5 in Evocations
 88709 | Depths:3 | Noticed a caustic shrike
 88715 | Depths:3 | Noticed a caustic shrike
 88756 | Depths:3 | Noticed Haregg's ghost (adept DsBe)
 88786 | Depths:3 | Found a transporter.
 88957 | Depths:3 | Found a transporter.
 89830 | Depths:3 | Reached XP level 22. HP: 192/192 MP: 21/50
 90334 | Depths:3 | Got Asmodeus's Catalogue of the Barrage and the Volcanoes
 90351 | Depths:3 | Noticed Sojobo
 90385 | Depths:3 | Killed Sojobo
 91292 | Depths:4 | Entered Level 4 of the Depths
 93043 | Depths:4 | Noticed a golden dragon
 93077 | Depths:4 | Killed a golden dragon
 93735 | Depths:4 | Identified the ring of Zumemoga {Ice Fly rCorr Int-3}
 93735 | Depths:4 | Noticed Josephina
 93756 | Depths:4 | Killed Josephina
 94596 | Depths:4 | Found a gate to the Realm of Zot.
 95138 | Elf:1    | Entered Level 1 of the Elven Halls
 95736 | Elf:1    | Reached skill level 25 in Spellcasting
 96486 | Elf:1    | Reached skill level 10 in Conjurations
 96829 | Elf:1    | Reached skill level 10 in Shields
 98419 | Elf:1    | Found a runed translucent gate.
 98419 | Elf:1    | Found a runed translucent gate.
 98419 | Elf:1    | Found a runed translucent gate.
 98419 | Elf:1    | Found a runed translucent gate.
 98419 | Elf:1    | Found a runed translucent gate.
 98421 | Elf:1    | Found a runed translucent gate.
 99272 | Elf:2    | Found a runed translucent gate.
 99272 | Elf:2    | Found a runed translucent gate.
 99275 | Elf:2    | Found a runed translucent gate.
 99752 | Elf:2    | Reached XP level 23. HP: 202/202 MP: 39/52
 99949 | Elf:2    | Found a runed translucent gate.
 99950 | Elf:2    | Found a runed translucent gate.
 99950 | Elf:2    | Noticed rrossfarrar's ghost (adept FeBe)
 99952 | Elf:2    | Found a runed translucent gate.
100121 | Elf:2    | Found Eseohy's Antique Armour Shop.
100422 | Elf:3    | Entered Level 3 of the Elven Halls
100432 | Elf:3    | Noticed Aizul
100439 | Elf:3    | Killed Aizul
100669 | Elf:3    | Paralysed by an air elemental for 1 turns
101031 | Elf:3    | Reached skill level 10 in Dodging
101379 | Elf:3    | Identified the +1 longbow of Fimbulwinter {vorpal, Str+3
                  | Dex+4 SInv}
102045 | Elf:3    | Identified the ring of Zemoi {Drain Will++ SInv Stlth+}
103024 | Elf:3    | Identified the amulet of Dales {Reflect +Inv Will- rCorr
                  | Int+6 SH+5}
103107 | Elf:3    | Identified the ring of the Catfish {rPois rF+ rC+ Int+3
                  | Stlth+}
103314 | Elf:3    | Identified the ring "Vuna" {Drain rC+++ Will+ rCorr Str+6}
103508 | Elf:3    | Got Puotyxeh's Sophisticated Sorcery
103515 | Elf:3    | Identified the +1 pair of gloves of Uvvublum {MP+9 Str+3
                  | Slay+2}
103565 | Elf:3    | Identified the +1 chain mail "Achud" {Int+4}
103569 | Elf:3    | Identified the +1 cloak of Okethra {rPois Will+}
103574 | Elf:3    | Identified the ring "Jungij" {Ice Contam Will+ rCorr
                  | Slay+2}
103587 | Elf:3    | Identified the +1 storm dragon scales of Precision
                  | Catastrophes {rElec rPois rCorr Str+7 Dex-2}
103742 | Elf:3    | Reached skill level 26 in Spellcasting
103816 | Elf:3    | Paralysed by an air elemental for 1 turns
103819 | Elf:3    | Paralysed by an air elemental for 1 turns
104614 | Depths:2 | Bought the +1 pair of boots of the Wumpus {rC++} for 3400
                  | gold pieces
104733 | Zot:1    | Entered Level 1 of the Realm of Zot
104951 | Zot:1    | Noticed a curse toe
104955 | Zot:1    | Killed a curse toe
106660 | Zot:1    | Killed from afar by a yellow draconian annihilator

Illustrated notes

Levels and vault maps discovered:
D:1:      ldierk_walled_garden_2, layout_basic, serial_shops, shop,
          minmay_tetromino_s4
D:2:      layout_basic, serial_forest, infiniplex_forest_straight_1,
          infiniplex_forest_lined_2, infiniplex_forest_join,
          infiniplex_forest_straight_3, infiniplex_forest_pool,
          chequers_ecumenical_altar_simple_redux, hangedman_glass_teeth
D:3:      layout_basic, zin_statuary, portal_sewer_entry_c, uniq_ijyb
D:4:      layout_basic, nrook_campfire, dreamdust_gnoll_farm
D:5:      gammafunk_steamed_eel, layout_basic, nicolae_overflow_crystal_walls,
          vehumet_altar_wand_db, okawaru_trees_1, serial_shops, shop,
          hellmonk_ghost_happy_afterlife
D:6:      kb_forest_paths, layout_loops_cross, minmay_temple_entry_mist
D:7:      layout_rooms, gammafunk_ghost_stat_death
D:8:      layout_basic, mainiacjoe_overflow_boulevard,
          overflow_temple_1_default, nicolae_ossuary_entry_giza, serial_curves,
          eino_curves_01, eino_curves_04, uniq_psyche, uniq_prince_ribbit1
D:9:      layout_basic, mainiacjoe_overflow_24_doors
D:10:     layout_cave_pools, nicolae_hepliaklqana_hazy_memory,
          mainiacjoe_overflow_catch_the_wave, erik_lair_orcish_takeover,
          kennysheep_orc_monster_closet_entryway
D:11:     layout_loops_cross, portal_ice_cave_rime, uniq_snorg
D:12:     layout_stronghold, uniq_rupert, uniq_jorgrun
D:13:     layout_basic, gauntlet_entry_generic
D:14:     minmay_the_grid_octo_2x2 [minmay_the_grid_octo_empty,
          minmay_the_grid_octo_fan_narrow, minmay_the_grid_octo_clover,
          minmay_the_grid_octo_prize_square_snowflake], layout_rooms,
          lightli_vaults_fourway_checkpoint, fedhas_altar_fruit_tree,
          uniq_kirke, uniq_roxanne
D:15:     hangedman_depths_entry_civil_slaughter, layout_rooms,
          serial_park_avenue1, minmay_misc_feat_alley, nicolae_diode_basic
Temple:   nicolae_temple_slightly_damp_pantheon
Lair:1:   layout_loops_ring, basic_altar, enter_volcano_4, st_stairs_4,
          grunt_megastairs_3
Lair:2:   layout_roguey, spider_nest_entry_rubble, nicolae_lair_lil_pond,
          serial_bayou_crossing
Lair:3:   layout_loops_ring, minmay_shoals_entry_hut
Lair:4:   layout_roguey, slime_entry_1
Lair:5:   minmay_lair_end_enchanted_forest, layout_regular_city,
          infiniplex_staircase_pool_2, lemuel_fruit_fields
Shoals:1: layout_shoals, nicolae_shoals_goliath_grotto
Shoals:2: layout_shoals, lemuel_centaur_altar
Shoals:3: layout_shoals, ebering_ghost_inner_flame
Shoals:4: shoals_end_hellmonk_storm_palace [storm_palace_center_square,
          storm_palace_corner_reverse_hut, storm_palace_corner_grid,
          storm_palace_corner_altar, storm_palace_corner_altar],
          uniq_polyphemus, uniq_donald
Spider:1: layout_spider_delve, drop_trap, uniq_frances
Spider:2: layout_chambers, uniq_mlioglotl
Spider:3: layout_spider_delve, nzn_ghost_randoct, nicolae_spider_jagged_tunnels
Spider:4: floodkiller_spider_rune_tomb, hellmonk_test_site, uniq_arachne,
          uniq_nikola
Slime:1:  layout_caves, cheibrodos_slime_lost_civilization_7
Slime:2:  layout_caves
Slime:3:  layout_caves
Slime:4:  layout_caves
Slime:5
Orc:1:    layout_diamond_mine, bloody_makhleb
Orc:2:    grunt_orc_tribal_feast, layout_diamond_mine, nicolae_alphabet_shops,
          mines1_david, uniq_urug
Elf:1:    layout_geoelf_octagon, orc_legates
Elf:2:    nicolae_elf_blades_splatter_lattice [nicolae_blade_entry_antechamber],
          layout_geoelf_diagonals, serial_shops,
          nicolae_shop_competitors_out_of_business, gammafunk_ghost_split
Elf:3:    minmay_elf_hall_four_x, layout_geoelf_grid,
          nicolae_elf_variegated_diamond, uniq_aizul
Vaults:1: nicolae_vaults_three_branches, v_rooms_6, nicolae_vaults_puzzle_piece,
          nicolae_vaults_what_the_h, ontoclasm_vaults_shuriken,
          nicolae_vaults_arrows, v_misc_12, vaults_room_semicircle,
          vaults_room_fancy_cross, vaults_dpeg_emergency_exit,
          layout_vaults_big_cross, serial_shops, shop
Vaults:2: nicolae_vaults_puzzle_piece, minmay_crypt_entry_necro_gods,
          nicolae_vaults_stairing_the_circle, nicolae_vaults_yaktaur_gun_rack,
          ontoclasm_vaults_pinch, vaults_room_stairs_pillars,
          nicolae_vaults_alarming, ontoclasm_vaults_fault,
          layout_vaults_big_room, serial_shops, nicolae_shop_hallway_stairs
Vaults:3: v_alt_pattern_3, v_rooms_1, vaults_mumra_minichess_inversion,
          nicolae_vaults_little_squares_1, v_misc_12,
          nicolae_vaults_network_periphery, vaults_room_grunt_arrival_ludios,
          ontoclasm_vaults_loading_screen, vaults_mumra_hex, v_misc_22,
          vaults_room_large_hall, ontoclasm_vaults_twist, v_misc_17,
          grunt_vaults_hallway_short, layout_vaults_maze_snakey, serial_shops,
          nicolae_shop_advertising_works [nicolae_subvault_shop_adworks]
Vaults:4: advil_vaults_ghost_guards, vaults_room_grid, vaults_mumra_minichess,
          nicolae_vaults_little_ls, v_pattern_5, ontoclasm_vaults_gateway,
          st_lattice, v_misc_17, v_misc_2, layout_vaults_omnigrid, serial_shops,
          nicolae_shop_temple_entry_statues_fountains, uniq_mennas,
          uniq_frederick, uniq_jory
Depths:1: layout_cave_pools, serial_bayou_ford_a, hell_entry,
          kilobyte_mutagenic_chamber
Depths:2: evilmike_cross, layout_cave_shapes, enter_ziggurat_d,
          nicolae_gozag_zags_fifth_avenue, pan_entry,
          abyss_entry_small_statue_room, hell_entry, minmay_serpent_palace,
          infiniplex_staircase_trident
Depths:3: cheibrodos_lost_city_excavation, layout_cave_shapes,
          marbit_kobold_abyss_entry, gammafunk_ghost_berserking_beasts,
          grunt_hell_entry_dis_old, infiniplex_staircase_door_maze, uniq_sojobo
Depths:4: evilmike_zot_entry_basic, layout_basic, hangedman_tar_grid_catacomb,
          uniq_josephina
Zot:1:    layout_gridlike, grunt_megastairs_4

Skill      XL: |  1  2  3  4  5  6  7  8  9 10 11 12 13 14 15 16 17 18 19 20 21 22 23 |
---------------+----------------------------------------------------------------------+-----
Spellcasting   | 3 4 5 6 8 10 11 13 15 16 17 19 20 21 22 23 24 25 26 | 26.2
Fighting       | 1 2 3 4 5 6 8 9 11 12 14 16 17 18 19 20 21 22 | 22.4
Stealth        | 2 3 5 |  5.6
Armour         | 1 3 5 6 7 9 10 | 10.2
Dodging        | 2 3 5 7 8 9 11 | 11.0
Shields        | 1 3 5 7 9 10 | 10.2
Necromancy     | 5 |  5.0
Conjurations   | 3 5 7 8 10 | 10.2
Earth Magic    | 2 5 7 9 10 11 12 13 14 15 16 | 16.0
Evocations     | 3 5 |  5.0

Action                   |  1- 3 |  4- 6 |  7- 9 | 10-12 | 13-15 | 16-18 | 19-21 | 22-24 || total
-------------------------+-------+-------+-------+-------+-------+-------+-------+-------++-------
Melee: Unarmed           |    11 |       |       |       |       |       |       |       ||    11
       Whip              |    19 |    28 |     4 |       |       |       |       |       ||    51
       Dagger            |       |       |    25 |       |       |       |       |       ||    25
       Morningstar       |       |       |    92 |     7 |       |       |       |       ||    99
       Punch             |       |       |     1 |       |       |       |       |       ||     1
       Long sword        |       |       |       |   112 |   253 |    85 |   111 |    81 ||   642
 Cast: Necrotise         |    76 |   150 |    98 |       |       |       |       |       ||   324
       Vampiric Draining |       |     6 |    38 |    90 |   104 |    35 |    24 |     8 ||   305
       Magic Dart        |       |       |   100 |   313 |    29 |    27 |    47 |       ||   516
       Searing Ray       |       |       |    17 |    35 |     1 |       |       |       ||    53
       Animate Dead      |       |       |       |    10 |    11 |       |    28 |     1 ||    50
       Stone Arrow       |       |       |       |   112 |   554 |  1019 |   887 |       ||  2572
       Borgnjor's Vile C |       |       |       |     6 |    80 |    71 |    22 |    30 ||   209
       Lee's Rapid Decon |       |       |       |       |    57 |    46 |    17 |    84 ||   204
       Iron Shot         |       |       |       |       |    18 |    54 |   258 |   528 ||   858
       Iskenderun's Batt |       |       |       |       |    28 |   211 |   211 |    95 ||   545
       Iskenderun's Myst |       |       |       |       |       |    11 |    93 |     7 ||   111
       Lehudib's Crystal |       |       |       |       |       |       |       |     3 ||     3
Evoke: Wand              |       |       |       |       |     3 |     1 |       |       ||     4
       Lightning rod     |       |       |       |       |     2 |     4 |       |       ||     6
       Condenser vane    |       |       |       |       |     1 |     1 |       |       ||     2
       Phantom mirror    |       |       |       |       |       |     1 |       |       ||     1
  Use: Scroll            |       |     4 |     8 |     4 |    15 |    10 |    10 |     4 ||    55
 Stab: Distracted        |     1 |       |       |     4 |     5 |       |       |       ||    10
       Sleeping          |     1 |       |     1 |       |       |       |       |       ||     2
       Confused          |       |       |       |       |       |     3 |       |       ||     3
Armor: Robe              |    19 |    16 |    82 |    18 |       |       |       |       ||   135
       Troll leather arm |       |       |       |   141 |   230 |       |       |       ||   371
       Leather armour    |       |       |       |       |   135 |   502 |   258 |    94 ||   989
Dodge: Dodged            |    42 |    85 |   155 |   315 |   478 |   468 |   372 |   208 ||  2123
Block: Buckler           |       |       |    46 |   120 |   192 |   157 |       |       ||   515
       Kite shield       |       |       |       |       |       |   211 |   502 |   209 ||   922
       Reflection        |       |       |       |       |       |     5 |    59 |    40 ||   104

Table legend: (Time is in decaauts)
 A = Elapsed time spent in this place.
 B = Non-inter-level travel time spent in this place.
 C = Inter-level travel time spent in this place.
 D = Time resting spent in this place.
 E = Time spent auto-exploring this place.
 F = Levels seen in this place.
 G = Mean time per level.
                   A        B        C        D        E       F      G
               +--------+--------+--------+--------+--------+-----+--------+
         Total | 107341 | 100877 |   6464 |  34434 |  45778 |  53 | 2025.3 |
       Dungeon |  26666 |  23723 |   2943 |   6158 |  13330 |  15 | 1777.7 |
        Temple |    186 |    167 |     19 |      0 |    155 |   1 |  186.0 |
          Lair |  11067 |   9880 |   1187 |   2547 |   5006 |   5 | 2213.4 |
        Shoals |   9549 |   9257 |    292 |   2853 |   4773 |   4 | 2387.2 |
   Spider Nest |  12710 |  12036 |    674 |   4921 |   4805 |   4 | 3177.5 |
    Slime Pits |   8071 |   7796 |    275 |   3925 |   1878 |   5 | 1614.2 |
  Orcish Mines |   3030 |   2783 |    247 |    424 |   1856 |   2 | 1515.0 |
   Elven Halls |   9259 |   9155 |    104 |   4482 |   2890 |   3 | 3086.3 |
        Vaults |   9209 |   8924 |    285 |   2976 |   3892 |   4 | 2302.2 |
        Depths |  11369 |  10936 |    433 |   4264 |   4801 |   4 | 2842.2 |
           Zot |   1950 |   1950 |      0 |    798 |    427 |   1 | 1950.0 |
         Sewer |    895 |    895 |      0 |    206 |    442 |   1 |  895.0 |
       Ossuary |    931 |    931 |      0 |     91 |    586 |   1 |  931.0 |
      Ice Cave |   1671 |   1671 |      0 |    484 |    762 |   1 | 1671.0 |
       Volcano |    125 |    125 |      0 |     46 |      0 |   1 |  125.0 |
      Gauntlet |    645 |    645 |      0 |    258 |    174 |   1 |  645.0 |
               +--------+--------+--------+--------+--------+-----+--------+

Top non-repeatable levels by time:
Spider:2: 4434 daAuts
Spider:4: 4172 daAuts
Depths:3: 3888 daAuts
    D:14: 3888 daAuts
Shoals:4: 3805 daAuts
   Elf:1: 3789 daAuts
Depths:2: 3710 daAuts
Vaults:3: 3439 daAuts
Vaults:1: 3436 daAuts
  Lair:5: 3297 daAuts
   Elf:3: 3207 daAuts
Spider:1: 2789 daAuts
 Slime:5: 2568 daAuts
Depths:4: 2498 daAuts
     D:9: 2478 daAuts
